 Dungeon Crawl Stone Soup version 0.24-a0-170-gd8427f5 (webtiles) character file.

Game seed: 5091492947547272170

532 galech the Chopper (level 7, 15/54 HPs)
             Began as a Demonspawn Fighter on Mar 11, 2019.
             Quit the game on level 4 of the Dungeon.
             The game lasted 00:03:44 (3528 turns).

galech the Chopper (Demonspawn Fighter)             Turns: 3528, Time: 00:03:45

Health: 15/54      AC: 13    Str: 21    XL:     7   Next: 3%
Magic:  7/7        EV:  4    Int: 10    God:
Gold:   192        SH: 10    Dex: 14    Spells: 6/6 levels left

rFire    . . .     SeeInvis .   a - +0 war axe
rCold    . . .     Gourm    .   c - +0 shield
rNeg     . . .     Faith    .   m - +0 plate armour
rPois    .         Spirit   .   (helmet restricted)
rElec    .         Reflect  .   (no cloak)
rCorr    +         Harm     .   (no gloves)
MR       .....                  v - +0 pair of boots
Stlth    ..........             (no amulet)
HPRegen  0.18/turn              u - ring of resist corrosion
MPRegen  0.10/turn              (no ring)

@: mighty, mildly poisoned (15 -> 14)
A: horns 1, talons 1, powered by pain 1, rot immunity
a: no special abilities


You were on level 4 of the Dungeon.
You were not hungry.

You visited 1 branch of the dungeon, and saw 4 of its levels.

You collected 192 gold pieces.

Inventory:

Hand Weapons
 a - a +0 war axe (weapon)
Armour
 b - a +0 scale mail
 c - a +0 shield (worn)
 m - a +0 plate armour (worn)
 v - a +0 pair of boots (worn)
Jewellery
 u - a ring of resist corrosion (left hand)
Scrolls
 g - 3 scrolls of amnesia {unknown}
 h - 2 scrolls of teleportation {unknown}
 i - a scroll of blinking {unknown}
 l - a scroll of enchant weapon {unknown}
 n - 5 scrolls of remove curse {unknown}
 o - a scroll of random uselessness {unknown}
 p - 3 scrolls of identify {unknown}
 q - a scroll of magic mapping {unknown}
 s - 2 scrolls of immolation {unknown}
Potions
 e - 2 potions of curing
 j - a potion of brilliance {unknown}
 r - 2 potions of degeneration {unknown}
 t - a potion of lignification {unknown}
Comestibles
 f - 8 rations
 k - 7 chunks of flesh


   Skills:
 + Level 4.1 Fighting
 + Level 4.4 Axes
 + Level 4.0 Armour
 + Level 0.8 Dodging
 + Level 4.2 Shields


You had 6 spell levels left.
You didn't know any spells.
Your spell library was empty.

Dungeon Overview and Level Annotations

Branches:
Dungeon (4/15)
 Temple: D:4-7

Altars:
Hepliaklqana
Nemelex Xobeh


Innate Abilities, Weirdness & Mutations

You have a pair of small horns on your head.
You have sharp toenails.
You sometimes gain a little power by taking damage.
You are immune to rotting.


Message History

The adder poisons you!
You barely miss the adder.
The adder is heavily wounded.
You feel sick. You block the adder's attack.
You slash the adder!
You kill the adder!
You feel sick.
You see here an adder corpse.
You butcher the adder corpse.
k - 3 chunks of flesh (gained 2)
You see here an adder skeleton.
You feel sick.
e - 2 potions of curing (gained 1)
Things that are here:
a +0 scythe; a +0 robe; the human corpse of Sigmund You butcher the human corpse of Sigmund.
k - 7 chunks of flesh (gained 4)
Things that are here:
a +0 scythe; a +0 robe; the human skeleton of Sigmund Are you sure you want to abandon this character and quit the game? (Confirm with "yes".)

###+#####+#####
#!...%........
#...........#
#...........## #
#........รท...#.#
#......@...#.#.#
###.#####.#....#
#####.#..###
#........#
#b.......#
#........+
#........#########
#........#.......#
#........#.####.##


There were no monsters in sight!

Vanquished Creatures
  Sigmund (D:4)
  A phantom (D:4)
  A scorpion (D:4)
  An orc wizard (D:2)
  An orc priest (D:3)
  2 worker ants (D:4)
  5 adders
  3 oozes
  4 worms
  2 dart slugs
  4 orcs (D:3)
  A ball python (D:3)
  A giant cockroach (D:2)
  4 goblins
  8 hobgoblins
  3 jackals (D:3)
  4 kobolds
  2 quokkas
  8 bats
  6 frilled lizards
  9 rats
71 creatures vanquished.

Notes
Turn   | Place    | Note
-------+----------+-------------------------------------------
     0 | D:1      | galech the Demonspawn Fighter began the quest for the Orb.
     0 | D:1      | Reached XP level 1. HP: 18/18 MP: 1/1
   153 | D:1      | Gained mutation: You are immune to rotting. [demonic
                  | ancestry]
   153 | D:1      | Reached XP level 2. HP: 24/24 MP: 2/2
   995 | D:2      | Reached XP level 3. HP: 25/29 MP: 3/3
  1832 | D:2      | Gained mutation: You sometimes gain a little power by
                  | taking damage. [demonic ancestry]
  1832 | D:2      | Reached XP level 4. HP: 9/35 MP: 4/4
  2283 | D:3      | Found a hazy altar of Hepliaklqana.
  2536 | D:3      | Gained mutation: You have sharp toenails. [demonic
                  | ancestry]
  2536 | D:3      | Reached XP level 5. HP: 39/41 MP: 5/5
  3317 | D:4      | Noticed a phantom
  3337 | D:4      | Killed a phantom
  3337 | D:4      | Reached XP level 6. HP: 43/48 MP: 6/6
  3422 | D:4      | Found a sparkling altar of Nemelex Xobeh.
  3500 | D:4      | Noticed Sigmund
  3515 | D:4      | Killed Sigmund
  3515 | D:4      | Gained mutation: You have a pair of small horns on your
                  | head. [demonic ancestry]
  3515 | D:4      | Reached XP level 7. HP: 21/54 MP: 7/7
  3528 | D:4      | Quit the game

Levels and vault maps discovered:
D:1:      dpeg_arrival_oval, layout_basic, minmay_misc_feat_enclosed,
          solitary_fountain
D:2:      layout_loops_ring
D:3:      layout_basic, first_ration, minmay_misc_feat_chi, nrook_campfire,
          lemuel_statue_altar
D:4:      gammafunk_steamed_eel, layout_basic,
          nemelex_xobeh_ov_fountains_minmay, minmay_temple_entry_butterflies,
          uniq_sigmund, uniq_pikel

Skill      XL: |  1  2  3  4  5  6 |
---------------+-------------------+-----
Axes           | 2 3 4 |  4.4
Armour         | 3 4 |  4.0
Shields        | 3 4 |  4.2
Fighting       | 4 |  4.1
Dodging        | |  0.8

Action                   |  1- 3 |  4- 6 |  7- 9 || total
-------------------------+-------+-------+-------++-------
Melee: War axe           |   181 |   178 |     4 ||   363
  Use: Potion            |     1 |     2 |       ||     3
  Eat: Chunk             |     3 |     6 |       ||     9
Armor: Scale mail        |    48 |       |       ||    48
       Plate armour      |    61 |   196 |     2 ||   259
Dodge: Dodged            |    38 |    21 |       ||    59
Block: Shield            |   100 |   110 |     3 ||   213

Table legend:
 A = Non-vault XP
 B = Vault XP
 C = Vault XP percentage of total XP
 D = Non-vault monster count
 E = Vault monster count
 F = Vault count percentage of total count
                 A         B        C        D         E       F
            +---------+---------+-------+---------+---------+-------
      Total |     533 |     227 |  29.9 |      70 |       1 |   1.4
            +---------+---------+-------+---------+---------+-------
        D:1 |      33 |       0 |   0.0 |      17 |       0 |   0.0
        D:2 |     108 |       0 |   0.0 |      22 |       0 |   0.0
        D:3 |     117 |       0 |   0.0 |      25 |       0 |   0.0
        D:4 |     275 |     227 |  45.2 |       6 |       1 |  14.3
            +---------+---------+-------+---------+---------+-------
